Cogmind - Beta 15 @@@ ROGUE MODE // 2025.08.03 @ 18:49:28 Player: Inverisimilidude Result: Destroyed by Cetus Guard with Advanced KE Penetrator Performance ------------- Evolutions (4) 2000 Regions Visited (12) 2400 Robots Destroyed (145) 725 Value Destroyed (4035) 4035 Prototype IDs (19) 380 Alien Tech Used (0) 0 Bonus (1113) 1113 TOTAL SCORE: 10653 Bonus ------- High Alert Combat Kills 34 Follower Combat Kills 791 Met Data Miner 300 Friendly Fire -12 Cogmind --------- Core Integrity 0/850 Matter 201/300 Energy 35/100 System Corruption 7% Temperature Cool (0) Movement Core (50) Location -6/Cetus Parts ------- > --- POWER (1) -------- (None) > --- PROPULSION (6) --- (None) > --- UTILITY (5) ------ Improved Sensor Array Advanced Signal Interpreter Advanced Terrain Scanner Advanced Terrain Scan Processor Advanced Targeting Computer > --- WEAPON (3) ------- (None) > --- INVENTORY (5) ---- Gauss Cannon Peak State ------------ > --- POWER ------------ Improved Deuterium Engine > --- PROPULSION ------- Carbon-fiber Leg Carbon-fiber Leg Wheel Compact Wheel Armored Huge Wheel > --- UTILITY ---------- Huge Storage Unit Improved Signal Interpreter Advanced Terrain Scanner Advanced Targeting Computer Improved Medium Armor Plating > --- WEAPON ----------- Enhanced Autogun Enhanced Autogun Enhanced Autogun > --- INVENTORY -------- Reinforced Deuterium Engine Cooled Deuterium Engine Compact Wheel Improved Cooling System Experimental Coolant Injector High-capacity Matter Pod Improved Sensor Array Advanced Signal Interpreter Improved Terrain Scanner Advanced Terrain Scan Processor Transmission Jammer Improved Reaction Control System Improved Reaction Control System Heavy Reflective Plating High-powered Tractor Beam Combat Drone Bay Gauss Rifle Gauss Cannon Gauss Cannon Gauss Cannon Heavy Flak Cannon Long-range Missile Launcher Power Maul [Rating: 59] Favorites ----------- Power Improved Ion Engine Engine Improved Ion Engine Power Core Light Nuclear Core Propulsion Medium Treads Treads Medium Treads Leg Carbon-fiber Leg Wheel Wheel Utility Advanced Targeting Computer Device Improved Sensor Array Storage High-capacity Storage Unit Processor Advanced Targeting Computer Protection Light Armor Plating Weapon Enhanced Autogun Energy Gun Medium Laser Ballistic Gun Enhanced Autogun Ballistic Cannon Advanced Assault Cannon Launcher Mini Grenade Launcher Impact Weapon Power Maul Slashing Weapon Power Sword Build | -11 -10 -10 -9 -8 -7 -7 -7 -7 -6 -6 -6 -6 ------- Run | Yrd Mat Min Mat Mat Fac Low Low Dat Pro Fac Ext Cet Slots Evolved 8 | . . . 2 2 2 . . . . 2 . . Power . | . . . . . . . . . . . . . Propulsion 4 | . . . 1 1 1 . . . . 1 . . Utility 3 | . . . 1 . 1 . . . . 1 . . Weapon 1 | . . . . 1 . . . . . . . . Parts Attached 107 | 7 . 3 13 35 8 1 4 . 1 25 10 . Power 11 | 1 . . 2 4 . . 1 . . 3 . . Engine 10 | 1 . . 2 3 . . 1 . . 3 . . Core 1 | . . . . 1 . . . . . . . . Reactor . | . . . . . . . . . . . . . Propulsion 29 | 2 . 2 4 7 4 . . . . 9 1 . Treads 13 | . . 1 2 4 4 . . . . 2 . . Leg 2 | . . . . . . . . . . 2 . . Wheel 14 | 2 . 1 2 3 . . . . . 5 1 . Hover . | . . . . . . . . . . . . . Flight . | . . . . . . . . . . . . . Utility 35 | 2 . . 2 12 2 1 1 . . 8 7 . Device 18 | 1 . . . 6 . 1 1 . . 5 4 . Storage 4 | 1 . . 1 1 . . . . . 1 . . Processor 6 | . . . . 2 1 . . . . . 3 . Hackware . | . . . . . . . . . . . . . Protection 7 | . . . 1 3 1 . . . . 2 . . Artifact . | . . . . . . . . . . . . . Weapon 32 | 2 . 1 5 12 2 . 2 . 1 5 2 . Energy Gun 5 | 2 . . 1 2 . . . . . . . . Energy Cannon . | . . . . . . . . . . . . . Ballistic Gun 13 | . . 1 3 7 1 . . . . 1 . . Ballistic Cannon 7 | . . . . 2 1 . . . . 2 2 . Launcher 4 | . . . 1 . . . 2 . 1 . . . Special Weapon . | . . . . . . . . . . . . . Impact Weapon 1 | . . . . . . . . . . 1 . . Slashing Weapon 2 | . . . . 1 . . . . . 1 . . Piercing Weapon . | . . . . . . . . . . . . . Special Melee Weapon . | . . . . . . . . . . . . . Unidentified Prototypes 5 | . . . . 3 . . . . . 2 . . Parts Lost 38 | . . . 8 7 1 . . . . 14 8 . Power 4 | . . . 3 1 . . . . . . . . Propulsion 17 | . . . 2 2 1 . . . . 9 3 . Utility 11 | . . . 2 3 . . . . . 3 3 . Weapon 6 | . . . 1 1 . . . . . 2 2 . Highest Loss Streak 6 | . . . 4 4 1 . . . . 4 6 . To Critical Strikes . | . . . . . . . . . . . . . Average Backups 15 | 4 6 7 8 17 18 18 17 18 18 19 8 3 Power . | . 1 1 . 1 1 1 . 1 1 1 1 . Propulsion 1 | 2 4 2 . 1 . 1 1 1 1 . . . Utility 6 | . . . 1 4 7 8 8 8 8 9 4 1 Weapon 7 | . 1 3 6 9 8 8 8 8 7 7 2 1 Tool/Special . | . . . . . . . . . . . . . Unused Backups 27 | . . . 4 12 1 . . . 1 3 4 2 Power 4 | . . . . 2 . . . . . 1 . 1 Propulsion 2 | . . . . 2 . . . . . . . . Utility 7 | . . . . 3 1 . . . . 1 2 . Weapon 14 | . . . 4 5 . . . . 1 1 2 1 Tool/Special . | . . . . . . . . . . . . . Average Slot Usage (%) 88 | . 100 100 83 97 99 100 100 100 100 86 41 30 Engine 6 | . 14 14 6 6 7 7 7 7 7 6 1 . Treads 17 | . . 9 19 17 22 23 23 23 23 15 1 . Wheel 12 | . 28 18 9 17 15 15 15 15 15 10 2 . Device 9 | . 14 14 10 9 6 6 6 7 7 10 11 10 Storage 7 | . 14 14 11 9 7 7 7 7 7 6 1 . Processor 11 | . . . . 5 15 15 15 15 15 13 13 20 Protection 1 | . . . 5 1 . . . . . 1 . . Energy Gun 1 | . 28 18 1 3 . . . . . . . . Ballistic Gun 9 | . . 9 11 15 22 15 1 . . 9 4 . Ballistic Cannon 3 | . . . . 4 . 7 7 7 7 3 . . Launcher 4 | . . . 8 . . . 13 15 15 2 . . Peak Build Rating 59 | 7 7 7 12 29 45 45 45 42 45 59 54 27 Average Rating 35 | 5 7 7 10 23 42 44 42 42 42 51 28 19 On Entrance 26 | . 7 7 7 7 29 45 44 42 42 45 53 22 Naked Turns 1 | . . . . . . . . . . . 1 . Heaviest Build 131 | 12 12 12 48 60 76 79 82 61 68 130 131 12 Greatest Support 76 | 26 26 26 40 43 22 22 76 22 22 76 44 3 Greatest Overweight (x) 12 | . . . 3 4 3 3 3 2 3 12 7 3 Average Overweight (x) 2 | . . . 1 2 2 2 1 2 2 4 . . Largest Inventory Capacity 25 | 8 8 8 20 20 20 20 20 20 20 25 25 5 Average Capacity 18 | 7 8 8 12 20 20 20 20 20 20 23 10 5 Most Carried 25 | 6 6 8 11 20 20 20 20 20 20 25 25 5 Average Carried 17 | 4 6 7 8 17 19 19 19 20 19 21 9 3 Final Capacity 25 | 8 8 8 20 20 20 20 20 20 20 25 5 5 Final Carried 24 | 6 6 8 11 20 20 20 20 20 20 24 5 1 Class Distribution -------------------- 45% | Skirmisher 22% | Mutant 8% | Assassin 6% | Scavenger-Mutant 6% | Scavenger-Skirmisher 4% | Gunner Dominant Class ---------------- Mutant | -10/Materials Mutant | -10/Mines Mutant | -9/Materials Scavenger-Mutant | -8/Materials Skirmisher | -7/Factory Skirmisher | -7/Lower Caves Skirmisher | -7/Lower Caves Skirmisher | -7/Data Miner Skirmisher | -6/Proximity Caves Assassin | -6/Factory Mutant | -6/Extension Scout | -6/Cetus Resources | -11 -10 -10 -9 -8 -7 -7 -7 -7 -6 -6 -6 -6 ----------- Run | Yrd Mat Min Mat Mat Fac Low Low Dat Pro Fac Ext Cet Matter Collected 4751 | 270 . 189 349 1323 111 395 248 . 63 1281 522 . Remotely 784 | . . . . 519 . . . . . . 265 . Salvage Created 4547 | 253 . 73 434 1173 129 98 272 . 62 1623 430 . Parts 277 | 23 . 7 29 91 10 6 9 . 4 83 15 . Haulers Intercepted 6 | . . . . 3 1 . . . . 2 . . Recyclers Shooed 1 | . . . . . 1 . . . . . . . Parts Field Recycled . | . . . . . . . . . . . . . Retrieved Matter . | . . . . . . . . . . . . . Parts Self-Destructed 14 | . . . . . . 7 4 . 3 . . . Prevented 6 | . . . . . . . 6 . . . . . Kills | -11 -10 -10 -9 -8 -7 -7 -7 -7 -6 -6 -6 -6 ------- Run | Yrd Mat Min Mat Mat Fac Low Low Dat Pro Fac Ext Cet Combat Hostiles Destroyed 88 | . . 3 15 24 1 2 6 . 3 32 2 . Melee 3 | . . . . . . . . . . 3 . . Guns 38 | . . 3 4 17 1 . 1 . . 11 1 . Cannons 8 | . . . . 3 . 2 . . 1 2 . . AOE 36 | . . . 10 4 . . 4 . 2 15 1 . Classes Destroyed 18 | 3 . 2 2 3 1 . 1 . . 5 1 . Worker 11 | 1 . . 2 4 1 . . . . 3 . . Builder 13 | . . . 2 5 . . . . . 5 1 . Tunneler 12 | 8 . . . 1 . . . . . 1 2 . Hauler 6 | . . . . 3 1 . . . . 2 . . Recycler 9 | 1 . . 1 2 . . . . . 2 3 . Mechanic 2 | . . . . . . . . . . 2 . . Watcher 4 | . . . . 3 1 . . . . . . . Swarmer 35 | . . 2 7 10 . . 3 . 3 10 . . Saboteur 1 | . . . . . . . . . . 1 . . Grunt 17 | . . 1 3 7 . . 3 . . 3 . . Brawler 4 | . . . . . . . . . . 4 . . Protector 1 | . . . . . . . . . . 1 . . Sentry 13 | . . . 5 6 . 1 . . . 1 . . Specialist 2 | . . . . . . . . . . 2 . . Hunter 8 | . . . . 1 . 1 . . . 6 . . Programmer 6 | . . . . . 1 . . . . 4 1 . Behemoth 1 | . . . . . . . . . . . 1 . Samaritan 1 | . . . . . . . 1 . . . . . Best Kill Streak 14 | 5 . 2 6 14 1 1 3 . 3 14 7 . Combat Bots Only 9 | . . 2 4 6 1 1 3 . 3 9 1 . Max Kills in Single Turn 5 | 2 . 1 3 4 1 1 2 . 2 5 3 . Gunslinging . | . . . . . . . . . . . . . Exploded 4 | . . . 3 1 . . 2 . 2 4 1 . Melee 1 | . . . . . . . . . . 1 . . Uniques/NPCs Destroyed . | . . . . . . . . . . . . . Combat | -11 -10 -10 -9 -8 -7 -7 -7 -7 -6 -6 -6 -6 -------- Run | Yrd Mat Min Mat Mat Fac Low Low Dat Pro Fac Ext Cet Hostile Shots Fired 594 | . 15 17 92 136 4 15 5 . 5 207 81 17 Missed 219 | . 6 6 34 36 1 6 2 . 3 78 35 12 Hits 375 | . 9 11 58 100 3 9 3 . 2 129 46 5 Melee 13 | . . . 7 . . . . . . 6 . . Projectile 362 | . 9 11 51 100 3 9 3 . 2 123 46 5 AOE 2 | . . . . . . . . . . 2 . . Critical Strikes 12 | . . . 2 . 1 . 1 . . 6 . 2 Damage Taken 7101 | . 97 114 1081 1177 311 67 53 . 29 2990 963 219 Core 1333 | . 42 54 240 99 15 19 . . 14 290 400 160 Absorbed by Shields 55 | . . . . . . . . . . 4 51 . Ignored by Resistances 314 | . . . . . . 29 . . . 285 . . Core Remaining (%) 75 | 100 . 61 40 82 . . . . 93 . . . Volleys Fired 241 | 19 6 6 45 59 10 6 12 . 3 61 13 1 Largest 3 | 2 2 2 2 3 3 3 3 . 3 3 3 1 Hottest 123 | 90 90 90 76 100 90 90 101 . 106 108 123 40 Shots Fired 579 | 37 11 12 87 169 30 15 21 . 8 163 25 1 Gun 426 | 37 11 12 71 127 28 9 3 . . 126 2 . Cannon 90 | . . . . 36 2 6 4 . 3 20 18 1 Launcher 63 | . . . 16 6 . . 14 . 5 17 5 . Special . | . . . . . . . . . . . . . Kinetic 415 | . . 1 54 138 30 15 7 . 3 146 20 1 Thermal 76 | 37 11 11 17 . . . . . . . . . Explosive 43 | . . . 16 6 . . 2 . 2 12 5 . Electromagnetic 45 | . . . . 25 . . 12 . 3 5 . . Robot Hit Streak 24 | 9 1 3 10 14 14 4 7 . 2 24 6 . Robot Miss Streak 9 | 2 3 3 5 9 3 2 1 . 1 6 2 . Penetration Max . | . . . . . . . . . . . . . Secondary Targets 4 | . . 1 . . . . . . . 3 . . Max Gunslinging Chain 1 | . . 1 . . . . . . . 1 . . Shots Hit Robots 375 | 22 4 7 57 112 20 8 9 . 2 121 13 . Core Hits 243 | 11 1 4 33 67 7 4 13 . 4 85 14 . Critical Kills . | . . . . . . . . . . . . . Critical Parts Destroyed 3 | . . . . 1 . . . . . 2 . . Critical Strikes 19 | 1 . 2 3 6 . 1 . . . 5 1 . Burn 6 | 1 . 2 3 . . . . . . . . . Destroy 1 | . . . . 1 . . . . . . . . Blast 4 | . . . . 1 . 1 . . . 1 1 . Corrupt 1 | . . . . 1 . . . . . . . . Smash 2 | . . . . . . . . . . 2 . . Sever 5 | . . . . 3 . . . . . 2 . . Melee Attacks 43 | . . . . 20 . . . . . 23 . . Impact 13 | . . . . . . . . . . 13 . . Slashing 30 | . . . . 20 . . . . . 10 . . Piercing . | . . . . . . . . . . . . . Sneak Attacks 14 | . . . . 8 . . . . . 6 . . Combat Hostiles . | . . . . . . . . . . . . . Follow-up Attacks . | . . . . . . . . . . . . . Damage Inflicted 13438 | 275 46 91 1564 3210 350 149 754 . 214 5667 1118 . Guns 4410 | 275 42 91 640 1320 326 60 52 . . 1563 41 . Cannons 1003 | . . . . 256 24 89 73 . 27 232 302 . Explosions 6203 | . . . 924 815 . . 629 . 187 2881 767 . Melee 1797 | . . . . 819 . . . . . 978 . . Ramming 25 | . 4 . . . . . . . . 13 8 . Kinetic 4634 | . . 8 479 1358 350 149 125 . 27 1795 343 . Thermal 561 | 275 42 83 161 . . . . . . . . . Explosive 5179 | . . . 924 815 . . 79 . 105 2489 767 . Electromagnetic 1242 | . . . . 218 . . 550 . 82 392 . . Impact 557 | . . . . . . . . . . 557 . . Slashing 1240 | . . . . 819 . . . . . 421 . . Piercing . | . . . . . . . . . . . . . Highest Corruption 7 | . . . . . 2 2 2 . . 5 7 7 Average Corruption 3 | . . . . . 2 2 1 . . 2 6 7 Corruption Purged 6 | . . . . . . . 2 . . 4 . . Corruption Blocked . | . . . . . . . . . . . . . Effects 105 | . . . . . 10 16 9 . . 36 28 6 Message Errors 27 | . . . . . 3 3 4 . . 8 7 2 Matter Fused 22 | . . . . . 3 2 1 . . 6 8 2 Heat Flow Errors 16 | . . . . . 3 2 . . . 5 5 1 Energy Discharges 12 | . . . . . . 3 3 . . 2 3 1 Parts Rejected 2 | . . . . . 1 . . . . 1 . . Parts Fused 3 | . . . . . . 1 . . . 1 1 . Data Loss (minor) 10 | . . . . . . 2 . . . 6 2 . Data Loss (major) 7 | . . . . . . . 1 . . 5 1 . Misfires 3 | . . . . . . 1 . . . 2 . . Alerts 2 | . . . . . . 2 . . . . . . Weapon Failures 1 | . . . . . . . . . . . 1 . Overload Shots . | . . . . . . . . . . . . . Overflow Damage 959 | . . . 92 173 50 . 48 . . 548 48 . Projectiles 63 | . . . . . 16 . 11 . . 21 15 . Explosions 347 | . . . 92 43 34 . 37 . . 108 33 . Melee 549 | . . . . 130 . . . . . 419 . . Knockbacks 14 | . . . . 3 1 1 . . . 5 4 . Impact 3 | . . . . . . . . . . 2 1 . Kinetic 11 | . . . . 3 1 1 . . . 3 3 . Secondary . | . . . . . . . . . . . . . Self-Inflicted Damage 854 | . 1 . 191 7 183 . . . . 410 62 . Shots 17 | . . . 4 1 2 . . . . 9 1 . Rammed 7 | . 3 . . . . . . . . 1 3 . Targets Rammed 7 | . 3 . . . . . . . . 1 3 . Kicked . | . . . . . . . . . . . . . Crushed . | . . . . . . . . . . . . . Highest Temperature 248 | 100 70 120 40 93 240 188 166 . 42 248 238 150 Average Temperature 45 | 32 37 50 15 24 48 69 82 . 26 63 91 76 Received Heat Transfer 1007 | . 18 18 246 315 . 6 27 . . 267 101 9 Siege Activations . | . . . . . . . . . . . . . Martial Activations . | . . . . . . . . . . . . . Shielding Activations . | . . . . . . . . . . . . . Robots Disrupted . | . . . . . . . . . . . . . Combat Hostiles . | . . . . . . . . . . . . . Robots Corrupted 5 | . . . . . . . 1 . . 4 . . Combat Hostiles 2 | . . . . . . . 1 . . 1 . . Parts Fried 15 | . . . . 1 . . 4 . . 10 . . Impact Corruptions 13 | . . . . . . . . . . 13 . . Robots Melted 1 | . . . 1 . . . . . . . . . Combat Hostiles 1 | . . . 1 . . . . . . . . . Parts Melted 5 | . . 1 4 . . . . . . . . . Heat Transferred 1930 | 793 100 371 666 . . . . . . . . . Parts Sabotaged . | . . . . . . . . . . . . . Parts Stolen . | . . . . . . . . . . . . . Parts Stripped . | . . . . . . . . . . . . . Power Chain Reactions 2 | . . . . . . . 2 . . . . . Alert | -11 -10 -10 -9 -8 -7 -7 -7 -7 -6 -6 -6 -6 ------- Run | Yrd Mat Min Mat Mat Fac Low Low Dat Pro Fac Ext Cet Maximum Alert Level 2 | . . . 2 1 1 . . . . 2 1 . Low Security (%) 63 | 100 100 100 56 26 92 . . . . 54 96 100 Level 1 32 | . . . 15 73 7 . . . . 42 3 . Level 2 4 | . . . 28 . . . . . . 3 . . Level 3 . | . . . . . . . . . . . . . Level 4 . | . . . . . . . . . . . . . Level 5 . | . . . . . . . . . . . . . High Security . | . . . . . . . . . . . . . Max Security . | . . . . . . . . . . . . . Peak Influence 496 | 15 10 122 496 392 235 . . . . 432 210 41 Initial 210 | . 3 . 1 152 161 . . . . . 210 41 Average 168 | 2 1 59 236 283 84 . . . . 173 110 13 Influence Increases 4286 | 50 7 232 863 857 206 50 170 . 70 1089 677 15 Destroy 0b10 Robot/C 2260 | . . 160 440 480 20 40 120 . 60 620 320 . Destroy 0b10 Robot/NC 290 | 50 . . 25 90 15 . . . . 80 30 . Destroy Leader 460 | . . 30 120 112 14 10 20 . 10 94 50 . Allied During Kill 126 | . . 42 20 . . . . . . . 64 . Successful Hack 139 | . 7 . 30 25 39 . . . . 22 16 . Disable Machine 420 | . . . 75 90 75 . . . . 120 45 15 Destroy Structure 396 | . . . 138 30 43 . . . . 138 47 . Partial Spotted 15 | . . . . . . . . . . . 15 . Lose Combat Pursuer 180 | . . . 15 30 . . 30 . . 15 90 . Influence Decreases 4271 | 45 12 228 504 864 562 50 170 . 70 660 1031 75 Entered New Map 664 | . 2 . 3 211 195 . . . . . 219 34 Time Decay 2872 | 45 10 228 361 583 357 50 170 . 70 520 458 20 Lost Part 370 | . . . 80 70 10 . . . . 140 70 . Lost Ally 365 | . . . 60 . . . . . . . 284 21 Squads Dispatched 24 | . 1 . 2 3 3 . . . . 10 3 2 Investigation 7 | . . . . 1 1 . . . . 2 1 2 Extermination 5 | . . . . . 1 . . . . 4 . . Reinforcement 11 | . 1 . 1 2 1 . . . . 4 2 . Assault 1 | . . . 1 . . . . . . . . . Garrison . | . . . . . . . . . . . . . Intercept . | . . . . . . . . . . . . . Searches Triggered . | . . . . . . . . . . . . . Data Miner Redirects 3 | . . . . . . . . . . 1 1 1 Construction Impeded 3 | . . . . . . . . . . 2 1 . Haulers Reinforced 1 | . . . . . . . . . . 1 . . Active Scanning Responses . | . . . . . . . . . . . . . Cargo Convoy Interrupts 1 | . . . . . . . . . . 1 . . Stealth | -11 -10 -10 -9 -8 -7 -7 -7 -7 -6 -6 -6 -6 --------- Run | Yrd Mat Min Mat Mat Fac Low Low Dat Pro Fac Ext Cet Distress Signals 10 | . 1 . 1 2 1 . . . . . 4 1 Communications Jammed . | . . . . . . . . . . . . . Distress Signals . | . . . . . . . . . . . . . Times Spotted 187 | . 11 10 32 42 5 2 10 . 3 38 29 5 Peak Tracking Total 11 | . 10 3 6 7 2 1 4 . 3 11 8 5 Tactical Retreats 11 | . . . 1 2 . . 2 . . 1 5 . Traps | -11 -10 -10 -9 -8 -7 -7 -7 -7 -6 -6 -6 -6 ------- Run | Yrd Mat Min Mat Mat Fac Low Low Dat Pro Fac Ext Cet Traps Triggered 18 | . . . 4 1 2 . . . . 8 3 . Indirectly . | . . . . . . . . . . . . . Trap Hack Attempts . | . . . . . . . . . . . . . Triggered . | . . . . . . . . . . . . . Disarmed . | . . . . . . . . . . . . . Reprogrammed . | . . . . . . . . . . . . . Reused . | . . . . . . . . . . . . . Traps Extracted . | . . . . . . . . . . . . . Installed . | . . . . . . . . . . . . . Triggered . | . . . . . . . . . . . . . Machines | -11 -10 -10 -9 -8 -7 -7 -7 -7 -6 -6 -6 -6 ---------- Run | Yrd Mat Min Mat Mat Fac Low Low Dat Pro Fac Ext Cet Machines Disabled 30 | . . . 5 6 5 . . . . 8 5 1 Max in Single Turn 4 | . . . 3 2 2 . . . . 4 1 1 Garrison Access 1 | . . . . . 1 . . . . . . . Machines Repaired . | . . . . . . . . . . . . . Machines Dismantled . | . . . . . . . . . . . . . Machines Sabotaged . | . . . . . . . . . . . . . Overloaded Fab Kills . | . . . . . . . . . . . . . Hacking | -11 -10 -10 -9 -8 -7 -7 -7 -7 -6 -6 -6 -6 --------- Run | Yrd Mat Min Mat Mat Fac Low Low Dat Pro Fac Ext Cet Machines Accessed 32 | . 1 . 2 7 6 1 . 4 . 4 5 2 Terminals 22 | . 1 . 1 7 3 . . . . 3 5 2 Fabricators 3 | . . . . . 2 . . . . 1 . . Repair Stations . | . . . . . . . . . . . . . Recycling Units . | . . . . . . . . . . . . . Scanalyzers 1 | . . . 1 . . . . . . . . . Garrison Access 1 | . . . . . 1 . . . . . . . Total Hacks 104 | . 2 . 6 19 15 1 . 30 . 10 11 10 Successful 56 | . 1 . 4 6 6 1 . 30 . 5 2 1 Failed 48 | . 1 . 2 13 9 . . . . 5 9 9 Catastrophic 6 | . . . 1 3 . . . . . . 1 1 Database Lockouts . | . . . . . . . . . . . . . Manual 14 | . . . . 4 6 . . . . . 3 1 Terminals 62 | . 2 . 4 19 8 . . . . 8 11 10 Fabricators 6 | . . . . . 4 . . . . 2 . . Repair Stations . | . . . . . . . . . . . . . Recycling Units . | . . . . . . . . . . . . . Scanalyzers 2 | . . . 2 . . . . . . . . . Garrison Access 3 | . . . . . 3 . . . . . . . Terminal Hacks 48 | . 1 . 2 6 3 1 . 30 . 3 1 1 Record 13 | . . . . . . . . 11 . 1 . 1 Part Schematic 12 | . . . . . . . . 12 . . . . Robot Schematic 4 | . . . . . . . . 4 . . . . Robot Analysis 1 | . . . . . 1 . . . . . . . Prototype ID Bank 5 | . . . 1 1 . . . 3 . . . . Open Door 2 | . . . . . . 1 . . . 1 . . Branch Access Points 4 | . 1 . . 1 1 . . . . 1 . . Emergency Access Points 1 | . . . . 1 . . . . . . . . Dispatch Records 1 | . . . . 1 . . . . . . . . Patrol Status 1 | . . . . . 1 . . . . . . . Recall Reinforcements 1 | . . . . 1 . . . . . . . . Hauler Manifests 1 | . . . 1 . . . . . . . . . Registered Components 2 | . . . . 1 . . . . . . 1 . Fabricator Hacks 3 | . . . . . 1 . . . . 2 . . Load Schematic 1 | . . . . . . . . . . 1 . . Build 2 | . . . . . 1 . . . . 1 . . Repair Station Hacks . | . . . . . . . . . . . . . Recycling Unit Hacks . | . . . . . . . . . . . . . Scanalyzer 2 | . . . 2 . . . . . . . . . Insert Component 1 | . . . 1 . . . . . . . . . Analyze 1 | . . . 1 . . . . . . . . . Garrison Access Hacks 1 | . . . . . 1 . . . . . . . Seal Access 1 | . . . . . 1 . . . . . . . Unauthorized Hacks 2 | . . . . . 1 . . . . . 1 . Terminals 2 | . . . . . 1 . . . . . 1 . Detonate 1 | . . . . . . . . . . . 1 . Operators 1 | . . . . . 1 . . . . . . . Fabricators . | . . . . . . . . . . . . . Repair Stations . | . . . . . . . . . . . . . Recycling Units . | . . . . . . . . . . . . . Scanalyzers . | . . . . . . . . . . . . . Garrison Access . | . . . . . . . . . . . . . Data Cores Recovered . | . . . . . . . . . . . . . Used . | . . . . . . . . . . . . . Hacking Detections 22 | . . . 2 6 6 . . . . 3 3 2 Full Trace Events 7 | . . . . 1 1 . . . . 2 1 2 Feedback Events . | . . . . . . . . . . . . . Feedback Blocked . | . . . . . . . . . . . . . Robot Schematics Acquired 4 | . . . . . . . . 4 . . . . Robots Built . | . . . . . . . . . . . . . Authchips . | . . . . . . . . . . . . . Time . | . . . . . . . . . . . . . Total Robot Build Rating . | . . . . . . . . . . . . . Part Schematics Acquired 13 | . . . 1 . . . . 12 . . . . Parts Built 2 | . . . . . 1 . . . . 1 . . Authchips . | . . . . . . . . . . . . . Time 200 | . . . . . 31 . . . . 169 . . Total Part Build Rating 11 | . . . . . 5 . . . . 6 . . Parts Repaired . | . . . . . . . . . . . . . Time . | . . . . . . . . . . . . . Parts Recycled . | . . . . . . . . . . . . . Recycled Matter . | . . . . . . . . . . . . . Retrieved Matter . | . . . . . . . . . . . . . Retrieved Components . | . . . . . . . . . . . . . Parts Scanalyzed 1 | . . . 1 . . . . . . . . . Part Schematics Acquired 1 | . . . 1 . . . . . . . . . Parts Damaged . | . . . . . . . . . . . . . Bothacking | -11 -10 -10 -9 -8 -7 -7 -7 -7 -6 -6 -6 -6 ------------ Run | Yrd Mat Min Mat Mat Fac Low Low Dat Pro Fac Ext Cet Used RIF Installer . | . . . . . . . . . . . . . Robots Hacked . | . . . . . . . . . . . . . Non-combat . | . . . . . . . . . . . . . Combat . | . . . . . . . . . . . . . Robot Hacks Applied . | . . . . . . . . . . . . . Relay Couplers Released . | . . . . . . . . . . . . . Fabnet Peak Effective % . | . . . . . . . . . . . . . Robots Rewired 12 | . . . . . . . . . . . 12 . Allies Hacked 1 | . . . . . . . . . . . 1 . Hacks Repelled . | . . . . . . . . . . . . . Allies | -11 -10 -10 -9 -8 -7 -7 -7 -7 -6 -6 -6 -6 -------- Run | Yrd Mat Min Mat Mat Fac Low Low Dat Pro Fac Ext Cet Total Allies 23 | . . 4 . . . . . . . . 19 . Largest Group 6 | . . 4 3 . . . . . . . 6 2 Highest-Rated Group 297 | . . 71 40 . . . . . . . 297 62 Highest-Rated Ally 159 | . . 31 16 . . . . . . . 159 31 Total Orders 2 | . . . . . . . . . . . 2 . RETURN 2 | . . . . . . . . . . . 2 . Ally Attacks 147 | . . 16 36 . . . . . . . 89 6 Total Damage 2680 | . . 199 466 . . . . . . . 1877 138 Kills 27 | . . 5 7 . . . . . . . 15 . Allies Corrupted . | . . . . . . . . . . . . . Allies Melted . | . . . . . . . . . . . . . Intel | -11 -10 -10 -9 -8 -7 -7 -7 -7 -6 -6 -6 -6 ------- Run | Yrd Mat Min Mat Mat Fac Low Low Dat Pro Fac Ext Cet Active Infowar (turns) 11506 | 5 137 507 868 1465 890 1315 1658 119 793 2681 969 99 Optics 634 | . . . . 634 . . . . . . . . Sensors 8438 | . . . . 334 890 1264 1658 119 793 2502 845 33 Terrain 2712 | . . . . 497 . 51 . . . 1793 294 77 Traps 303 | . . . . 303 . . . . . . . . Seismic 1517 | 5 137 507 868 . . . . . . . . . Triangulation 253 | . . . . . . . . . . . 253 . Robot Analysis Total 1 | . . . . . 1 . . . . . . . Derelict Logs Recovered 6 | . . 1 . . . 1 2 . 2 . . . Drone Launches 4 | . . . . . . . . . . . 3 1 Drone Recoveries 2 | . . . . . . . . . . . 2 . Exploration | -11 -10 -10 -9 -8 -7 -7 -7 -7 -6 -6 -6 -6 ------------- Run | Yrd Mat Min Mat Mat Fac Low Low Dat Pro Fac Ext Cet Turns Passed 12803 | 221 137 507 899 1801 939 1420 1695 119 793 2973 1169 130 Spaces Moved 8799 | 167 94 322 570 1032 689 1123 1376 104 623 1324 1208 167 Core 1175 | 3 . . . . . . . . . . 1005 167 Treads 208 | . . . 86 95 . . 20 . . 5 2 . Legs . | . . . . . . . . . . . . . Wheels 7416 | 164 94 322 484 937 689 1123 1356 104 623 1319 201 . Hover . | . . . . . . . . . . . . . Flight . | . . . . . . . . . . . . . Fastest Speed 50 | 50 90 90 95 110 115 115 115 115 115 108 50 50 Average Speed 115 | 89 90 95 126 130 115 115 115 115 116 159 65 51 Slowest Speed 640 | 100 90 100 320 240 130 130 243 115 130 260 640 200 Overloaded Moves . | . . . . . . . . . . . . . Propulsion Burnouts . | . . . . . . . . . . . . . Robots Hopped . | . . . . . . . . . . . . . Potential Cave-ins 4 | . . . . . . . . . . 4 . . Cave-ins Triggered 1 | . . . . . . . . . . 1 . . Exploration Rate (%) 58 | 6 32 59 50 79 17 96 99 70 75 33 86 55 Regions Visited 12 Branch Regions 7 Pre-discovered Areas 1 | . . . . . . . . 1 . . . . Known Exits Taken 8 | . 1 . . . 1 1 1 1 1 1 1 . Unknown Exits Taken 4 | 1 . 1 1 1 . . . . . . . . Scrap Searched 10 | . . 2 . . . 3 2 . 3 . . . Spaces Dug 40 | . . . . . . . . . . 40 . . Terrain Destroyed 555 | . . . 189 25 56 . 21 . 17 181 66 . Melee 4 | . . . . . . . . . . 4 . . Projectile 8 | . . . . . . . . . 1 6 1 . AOE 543 | . . . 189 25 56 . 21 . 16 171 65 . Terrain Rammed . | . . . . . . . . . . . . . Walls Destroyed . | . . . . . . . . . . . . . Machines Disabled . | . . . . . . . . . . . . . Actions | -11 -10 -10 -9 -8 -7 -7 -7 -7 -6 -6 -6 -6 --------- Run | Yrd Mat Min Mat Mat Fac Low Low Dat Pro Fac Ext Cet Total 10978 | 198 135 511 673 1332 816 1230 1459 103 683 2055 1570 213 Wait 1321 | . 33 174 11 107 94 90 61 . 52 537 127 35 Move 8787 | 166 93 321 569 1031 688 1122 1375 103 622 1323 1207 167 Hop . | . . . . . . . . . . . . . Pick Up 92 | 6 . 4 14 37 6 2 1 . 2 14 6 . Fast Attach 56 | 7 . 1 12 10 4 . 1 . 1 14 6 . Attach 50 | . . . 5 10 3 . 1 . . 13 14 4 Detach 26 | . . . . 3 . . 2 . . 9 9 3 Swap 77 | . . 2 5 25 3 8 5 . . 26 3 . Drop 81 | . . 3 12 30 8 2 1 . 3 10 9 3 Fire 241 | 19 6 6 45 59 10 6 12 . 3 61 13 1 Melee 43 | . . . . 20 . . . . . 23 . . Ram 7 | . 3 . . . . . . . . 1 3 . Kick . | . . . . . . . . . . . . . Crush . | . . . . . . . . . . . . . Escape Stasis 51 | . . . . . . . . . . 24 27 . Rewire 146 | . . . . . . . . . . . 146 . Trap . | . . . . . . . . . . . . . Miscellaneous . | . . . . . . . . . . . . . Route ------- -11/Scrapyard -10/Materials (discovered 2 exits: *Min x2) -10/Mines -9/Materials (discovered 3 exits: *Mat x2 / [*Min]) -8/Materials -7/Factory (discovered 5 exits: *Fac / Sto x2 / *Low x2) -7/Lower Caves -7/Lower Caves (discovered 2 exits: *Fac / *Dat) -7/Data Miner -6/Proximity Caves -6/Factory (discovered 7 exits: *Fac x3 / Low x2 / *Ext x2) -6/Extension (discovered 2 exits: *Fac / *Cet) -6/Cetus (discovered 1 exit: *Fac) History --------- Turn | Location | Event 2 | -11/Scrapyard | Met Revision 17 9 | -11/Scrapyard | Discovered new exit (range 15) 222 | -11/Scrapyard | Entered Materials 225 | -10/Materials | Identified exit to Mines 314 | -10/Materials | Build established: Mutant 359 | -10/Materials | Entered Mines 365 | -10/Mines | Assisted by bots powering up and referring to "LRC-V3" 411 | -10/Mines | Met a Derelict bent on vengeance 449 | -10/Mines | Received a Mining Laser from a helpful Derelict 844 | -10/Mines | Discovered new exit (range 8) 866 | -10/Mines | Entered Materials 866 | -9/Materials | Accompanied by 3 allies 866 | -9/Materials | Evolved 2 slots: Propulsion x1, Utility x1 1231 | -9/Materials | Discovered new exit (range 5) 1297 | -9/Materials | Discovered new exit (range 5) 1510 | -9/Materials | Discovered new exit (range 15) 1666 | -9/Materials | First assault squad dispatched 1721 | -9/Materials | Core integrity fell below 50% 1765 | -9/Materials | Entered another Materials area 1765 | -8/Materials | Evolved 2 slots: Propulsion x1, Weapon x1 1795 | -8/Materials | Lost 4 parts (1p1n1u1w) 2100 | -8/Materials | Build established: Skirmisher 2260 | -8/Materials | Lost 4 parts (1p2n1u) 3555 | -8/Materials | Discovered new exit (range 10) 3566 | -8/Materials | Entered Factory 3566 | -7/Factory | Evolved 2 slots: Propulsion x1, Utility x1 3567 | -7/Factory | Identified exit to Storage 3885 | -7/Factory | Fabricated Hvy. Reflective Plating (x1) 4050 | -7/Factory | Discovered new exit (range 10) 4079 | -7/Factory | Identified exit to Factory 4201 | -7/Factory | Identified exit to Lower Caves 4505 | -7/Factory | Entered Lower Caves 4586 | -7/Lower Caves | Learned location of 1 exit from Factory 4841 | -7/Lower Caves | Discovered new exit (range 6) 4847 | -7/Lower Caves | Identified exit to Lower Caves 4891 | -7/Lower Caves | Encountered a Warlord checkpoint 5255 | -7/Lower Caves | Attracted the attention of an 0b10 checkpoint 5925 | -7/Lower Caves | Entered another Lower Caves area 5927 | -7/Lower Caves | Discovered exit to Factory (range 6) 6003 | -7/Lower Caves | Learned Factory terminal intel 6473 | -7/Lower Caves | Learned 12 Factory zone layouts 6648 | -7/Lower Caves | Discovered new exit (range 5) 6654 | -7/Lower Caves | Identified exit to Data Miner 6655 | -7/Lower Caves | Encountered a Warlord checkpoint 7620 | -7/Lower Caves | Entered Data Miner 7620 | -7/Data Miner | Discovered new exit (range 6) 7652 | -7/Data Miner | Identified exit to Proximity Caves 7668 | -7/Data Miner | Met Data Miner 7689 | -7/Data Miner | Learned location of Section 7 (-2) 7689 | -7/Data Miner | Acquired the access code to Warlord's prototype stash 7711 | -7/Data Miner | Received God Mode back door access code from Data Miner 7739 | -7/Data Miner | Entered Proximity Caves 8102 | -6/Proximity Caves | Learned Factory security intel 8445 | -6/Proximity Caves | Discovered exit to Factory (range 10) 8532 | -6/Proximity Caves | Entered Factory 8532 | -6/Factory | Evolved 2 slots: Propulsion x1, Utility x1 8533 | -6/Factory | Identified exit to Factory 8534 | -6/Factory | Identified exit to Extension 8536 | -6/Factory | Loaded intel: 28 terminal locations 9450 | -6/Factory | Discovered exit to Factory (range 16) 9642 | -6/Factory | Build established: Assassin 9948 | -6/Factory | Identified exit to Lower Caves 10292 | -6/Factory | Cargo convoy interrupted 10311 | -6/Factory | Crushed by falling debris 10326 | -6/Factory | Destroyed 9 combat bots 10365 | -6/Factory | Lost 4 parts (3n1w) 10430 | -6/Factory | Lost 4 parts (2n1u1w) 10782 | -6/Factory | Incoming investigation squad redirected 10933 | -6/Factory | Fabricated Combat Drone Bay (x1) 11505 | -6/Factory | Entered Extension 11693 | -6/Extension | Spotted B-75 Beast 11803 | -6/Extension | Destroyed B-75 Beast 11816 | -6/Extension | Lost 6 parts (3n1u2w) 11826 | -6/Extension | Released all parts (9) 11928 | -6/Extension | Disrupted transfer network 11940 | -6/Extension | Rescued A7 11950 | -6/Extension | Incoming investigation squad redirected 11982 | -6/Extension | Rescued a captive Derelict 11984 | -6/Extension | Rescued a captive Derelict 12085 | -6/Extension | Build established: Mutant 12195 | -6/Extension | Rescued a captive Derelict 12257 | -6/Extension | Spotted B-75 Beast 12261 | -6/Extension | Core integrity fell below 50% 12306 | -6/Extension | Lost 6 allies 12335 | -6/Extension | Rescued a captive Derelict 12338 | -6/Extension | Rescued a captive Derelict 12346 | -6/Extension | Rescued a captive Derelict 12459 | -6/Extension | Core integrity fell below 20% 12655 | -6/Extension | Discovered exit to Factory (range 10) 12664 | -6/Extension | Discovered new exit (range 6) 12670 | -6/Extension | Identified exit to Cetus 12674 | -6/Extension | Entered Cetus 12674 | -6/Cetus | Accompanied by 2 allies 12715 | -6/Cetus | Spotted Cetus Guard 12721 | -6/Cetus | Spotted Cetus Guard 12722 | -6/Cetus | Spotted Cetus Guard 12722 | -6/Cetus | Spotted Cetus Guard 12736 | -6/Cetus | Discovered exit to Factory (range 16) 12803 | -6/Cetus | Incoming investigation squad redirected 12804 | -6/Cetus | Destroyed by Cetus Guard with Advanced KE Penetrator Last Messages --------------- 12784_ System corrupted: Energy discharge (-22). 12784_ Connecting with Cetus Terminal... >>Query(Revision 17) All data regarding this post-deployment revision of the [MAIN.C] neural network was removed from the database during unauthorized system access in 2241. Nothing unique about this revision suggests why it was targeted, but confirmation is impossible without the missing data. Other [Revision Series] records seem to have remained untouched. 12784_ ALERT: Suspicious activity at Terminal C002. Dispatching Investigation squad. 12795_ Connecting with Cetus Terminal... 12800_ Connecting with Cetus Manufacturing Controls... 12801_ Cetus Terminal disabled. 12803_ ALERT: Higher priority target reported, redirecting investigation. 12804_ Penetrated by Slug. Map ----- +----------------------------------------------------+ | ????#????????????????????????????????????????????? | | #?#??#?????#?#???????????????????????????????????? | | ?????#???#??#????????????????????????????????????? | | #?#?#?????#??????????????????????????????????????? | | ?#?####?#????????????????????????????????????????? | | #?###?##?##??????????????????????????????????????? | | ????##??#?#??????????????????????????????????????? | | #??????##????????????????????????????????????????? | | ???#?##??##??????????????????????????????????????? | | ????##??##???????????????????????????????????????? | | ???##?#??????????????????????????????????????????? | | ?#?#?????#???????????????????????????????????????? | | ????#?#??#???????????????????????????????????????? | | ????#?#??????????????????????????????????????????? | | ##??##????#??????????????????????????????????????? | | #??#????????##???????????????????????????????????? | | ###????#?????????????????????????????????????????? | | ?#?#??#????#?????????????????????????????????????? | | ???#?????"?" "????????##?????????????????????????? | | ##??#??????""""""" ???#"?????????????????????????? | | ##??#?#"""""""""""""""#"######???????????????????? | | #?#?#?#""""" """ """""#""""""#???????????????????? | | ?????##""""""" """""""#" ""#???????????????????? | | ?#???##""" " " """#T ""#???????????????????? | | #######" """ """ "#" ""#???????????????????? | | # ### @ #???????????????????? | | + +???????????????????? | | + +??g??g?????????????? | | + +???????????????????? | | # ###" #???????????????????? | | #####?#" "" """"""""# #???????????????????? | | #?????######++############"""#???????????????????? | | ?#?##?#" " ""#??????????????????????????????? | | ???#??###" """#??????????????????????????????? | | ??????#" " ""#??????????????????????????????? | | #?????###" """#??????????????????????????????? | | ???####" "###??????????????????????????????? | | ##????#" """"#"?????????????????????????????? | | ???#??#" T"""#??????????????????????????????? | | ??#?#?#" """"#??????????????????????????????? | | ??????### "###??????????????????????????????? | | ??#???# """"#??????????????????????????????? | | #?????#" " T"""#??????????????????????????????? | | ??????#" """"#??????????????????????????????? | | #??#??#" " " #"###??????????????????????????????? | | ??????# #""???????"????????????????????????? | | ??????#""" """#"""? ?????????????????????????????? | | ??#???#########?????#????????????????????????????? | | ?????????????????????????????????????????????????? | | ????#????????????????????????????????????????????? | +----------------------------------------------------+ Best States ------------- Heat Dissipation 37 Energy Generation 18 Energy Capacity 310 Matter Stores 300 Matter Capacity 300 Sight Range 18 Robot Scan Range 15 Terrain Scan Range 20 Terrain Scan Density 210 Armor Coverage 600 Resistance: KI 30 Resistance: TH 25 Evasion (%) 60 Targeting Accuracy 8 Recoil Reduction 3 Item Schematics ----------------- Wheel | -9/Materials | Scanalyzed Combat Drone Bay | -7/Data Miner | Free Lgt. Regenerative Plating | -7/Data Miner | Free Exp. Targeting Computer | -7/Data Miner | Free Cld. Aerolev Unit | -7/Data Miner | Free Shock Maul | -7/Data Miner | Free Arm. Medium Treads | -7/Data Miner | Free Imp. Recalibrator | -7/Data Miner | Free Variable Charge Gun | -7/Data Miner | Free Triangulator | -7/Data Miner | Free Mni. Drone Bay | -7/Data Miner | Free Point Defense System | -7/Data Miner | Free Adv. Transmission Jammer | -7/Data Miner | Free Robot Schematics ------------------ M-28 Smith | -7/Data Miner | Free E-15 Imp | -7/Data Miner | Free L-41 Fighter | -7/Data Miner | Free S-27 Virus | -7/Data Miner | Free Fabricated ------------ Hvy. Reflective Plating | x1 | -7/Factory | Preloaded Combat Drone Bay | x1 | -6/Factory Repaired ---------- Nothing Alien Tech Used ----------------- None Achievements -------------- Use The Force Challenges ------------ None Game ------ Seed SapperMicrowarpKatana Manual? 0 Play Time 01:56:14 Cumulative 92.2 hours Start 2025.08.03 @ 12:09:08 End 2025.08.03 @ 18:49:28 Sessions 7 Manual Loads 0 Difficulty Rogue Special Mode None Game No. 111 Rogue 111 Adventurer 0 Explorer 0 Win Type - Total 0 Types 0/0/0/0/0/0/0/0/0/0 Lore% 58 Gallery% 43 Achievement% 42 Wizard Run 0 Options --------- Layout 1 ASCII 0 Keyboard 0 Movement Arrows Keybinds 0 Fullscreen 1 Font 24/Smallcaps Map View 50x35 Zoom Use 0% Tactical HUD 1 Map Filters NONE Filters NONE Steam 1 RUN: 25c9e427-4e86-474c-a4ce-f569b1807b31